[Event "Ceske Budejovice Open-A 2019"]
[Site "Ceske Budejovice"]
[Date "2019.07.06"]
[Round "8.3"]
[White "Velicka, Petr"]
[Black "Barrish, Daniel"]
[Result "1/2-1/2"]
[ECO "D02"]
[WhiteElo "2428"]
[BlackElo "2237"]
[Annotator "RC"]
[PlyCount "143"]
[EventDate "2019.07.02"]
[EventCountry "CZE"]
[SourceTitle "playchess.com"]
[Source "ChessBase"]
[SourceQuality "1"]
[TimeControl "5400+30"]

1. Nf3 d5 2. d4 Nf6 3. c4 e6 4. g3 Bb4+ 5. Bd2 Be7 6. Bg2 O-O 7. O-O c6 8. Qc2 Nbd7 9. Bf4 b6 10. cxd5 cxd5 11. Rc1 Bb7 12. Nc3 a6 13. Nd1 Ne8 14. Ne5 Nb8 15. Bh3 Kh8 16. a4 Bd6 17. Qb3 a5 18. Nc3 Nc6 19. Nb5 Nb4 20. Nxd6 Nxd6 21. Bd2 Na6 22. Be1 f6 23. Nd3 Re8 24. Nf4 f5 25. Nd3 Nc4 26. Bg2 Nb8 27. Qa2 Nc6 28. b3 Nd6 29. Qb2 Rc8 30. Rc2 Re7 31. Rac1 Nb8 32. Bd2 Rxc2 33. Rxc2 Ne4 34. Bf4 Nc6 35. f3 Nf6 36. Ne5 Nb4 37. Rc1 Kg8 38. Bf1 Rc7 39. Rxc7 Qxc7 40. Ng4 Qc6 41. Nxf6+ gxf6 42. Kf2 Ba6 43. Bd2 Kf7 44. Qc3 Qxc3 45. Bxc3 Nc2 46. Bg2 e5 47. e3 exd4 48. exd4 Ke6 49. f4 Bd3 50. Bf3 Nb4 51. Bxb4 axb4 52. Bd1 Kf7 53. Ke3 Be4 54. Bh5+ Ke7 55. Kd2 Kf8 56. Be2 Kf7 57. Bb5 h6 58. Bc6 Ke6 59. Be8 Ke7 60. Bh5 Ke6 61. Bg6 Bf3 62. h3 Bg2 63. g4 Bxh3 64. Bxf5+ Ke7 65. Ke3 h5 66. Kf3 Kf7 67. Kg3 Bxg4 68. Bxg4 hxg4 69. Kxg4 Kg6 70. f5+ Kh6 71. Kh4 Kg7 72. Kh5 1/2-1/2

[Event "Ceske Budejovice Open-A 2019"]
[Site "Ceske Budejovice"]
[Date "2019.07.06"]
[Round "8.4"]
[White "Sergeev, Vladimir"]
[Black "Vltavsky, Vladimir"]
[Result "1-0"]
[ECO "A00"]
[WhiteElo "2415"]
[BlackElo "2179"]
[Annotator "NA"]
[PlyCount "81"]
[EventDate "2019.07.02"]
[EventCountry "CZE"]
[SourceTitle "playchess.com"]
[Source "ChessBase"]
[SourceQuality "1"]
[TimeControl "5400+30"]

1. g3 e5 2. c4 g6 3. d4 d6 4. Nc3 Bg7 5. Nf3 exd4 6. Nxd4 Ne7 7. Bg2 Nbc6 8. Be3 O-O 9. Nxc6 Nxc6 10. Qd2 Be6 11. b3 Re8 12. Rc1 Qd7 13. Nd5 f6 14. O-O Rad8 15. Rfd1 g5 16. a3 a5 17. Nc3 b6 18. Nb5 h6 19. Nc3 Ne5 20. Bd4 Nc6 21. Bxc6 Qxc6 22. Nd5 Kf7 23. Qb2 Bxd5 24. cxd5 Qb7 25. Rc3 Rf8 26. Qc2 Rd7 27. Qf5 Re7 28. Rdc1 Kg8 29. e3 Qb8 30. Rc6 Kf7 31. h4 Kg8 32. Kg2 b5 33. h5 a4 34. bxa4 bxa4 35. Rb1 Qe8 36. g4 Kh8 37. Rb7 Rff7 38. Ba7 Rd7 39. Bd4 Rde7 40. Rb4 Qa8 41. Kg3 1-0

[Event "Ceske Budejovice Open-A 2019"]
[Site "Ceske Budejovice"]
[Date "2019.07.06"]
[Round "8.5"]
[White "Karasek, Lukas"]
[Black "Ivanov, Mikhail M"]
[Result "1/2-1/2"]
[ECO "C44"]
[WhiteElo "2278"]
[BlackElo "2359"]
[Annotator "NA"]
[PlyCount "97"]
[EventDate "2019.07.02"]
[EventCountry "CZE"]
[SourceTitle "playchess.com"]
[Source "ChessBase"]
[SourceQuality "1"]
[TimeControl "5400+30"]

1. e4 e5 2. Nf3 Nc6 3. d4 exd4 4. Nxd4 Qf6 5. Be3 Bc5 6. c3 Nge7 7. Bc4 b6 8. O-O Bb7 9. Nb5 Rc8 10. Bxc5 bxc5 11. Nd2 O-O 12. f4 d6 13. Qe2 a6 14. Na3 Nb8 15. Rae1 Ng6 16. Qf2 Rce8 17. Bd3 Qd8 18. Nac4 Nd7 19. Ne3 Nf6 20. Nf5 Qa8 21. Ng3 a5 22. h3 a4 23. a3 Bc6 24. Re2 Qb7 25. Rb1 Bb5 26. c4 Bc6 27. b4 axb3 28. Rxb3 Qa8 29. Bb1 Rb8 30. Rbe3 Rfe8 31. Kh2 Nd7 32. Nh5 Ngf8 33. e5 dxe5 34. fxe5 Ng6 35. e6 Rxe6 36. Rxe6 fxe6 37. Bxg6 hxg6 38. Nf4 Nf8 39. Nxe6 Nxe6 40. Rxe6 Rf8 41. Qg3 Be8 42. Ne4 Bf7 43. Re7 Re8 44. Qxc7 Rxe7 45. Qxe7 Bxc4 46. Nxc5 Qb8+ 47. Kg1 Qb1+ 48. Kh2 Qb8+ 49. Kg1 1/2-1/2

[Event "Ceske Budejovice Open-A 2019"]
[Site "Ceske Budejovice"]
[Date "2019.07.06"]
[Round "8.6"]
[White "Richterova, Natasa"]
[Black "Marsalek, Zdenek"]
[Result "1/2-1/2"]
[ECO "B31"]
[WhiteElo "2179"]
[BlackElo "2259"]
[Annotator "NA"]
[PlyCount "44"]
[EventDate "2019.07.02"]
[EventCountry "CZE"]
[SourceTitle "playchess.com"]
[Source "ChessBase"]
[SourceQuality "1"]
[TimeControl "5400+30"]

1. e4 c5 2. Nf3 Nc6 3. Bb5 g6 4. Bxc6 bxc6 5. d3 Bg7 6. O-O Nf6 7. Nc3 O-O 8. Be3 d6 9. h3 Rb8 10. Rb1 e5 11. Qd2 Rb7 12. Ne2 c4 13. Rfd1 Be6 14. Nc3 cxd3 15. Qxd3 Ne8 16. Ng5 Qc8 17. Nxe6 fxe6 18. Qa6 Rff7 19. b3 Bf8 20. Ne2 d5 21. c3 Nd6 22. Ng3 Nb5 1/2-1/2

[Event "Ceske Budejovice Open-A 2019"]
[Site "Ceske Budejovice"]
[Date "2019.07.06"]
[Round "8.7"]
[White "Plischki, Sebastian"]
[Black "Placer, Sebastian"]
[Result "1/2-1/2"]
[ECO "D74"]
[WhiteElo "2420"]
[BlackElo "2040"]
[Annotator "NA"]
[PlyCount "110"]
[EventDate "2019.07.02"]
[EventCountry "CZE"]
[SourceTitle "playchess.com"]
[Source "ChessBase"]
[SourceQuality "1"]
[TimeControl "5400+30"]

1. d4 Nf6 2. c4 g6 3. g3 Bg7 4. Bg2 d5 5. cxd5 Nxd5 6. Nf3 O-O 7. O-O Nc6 8. Nc3 Bf5 9. Ne1 Nxc3 10. bxc3 Qd7 11. Nd3 Bxd3 12. Qxd3 e5 13. e3 Rfd8 14. Rb1 Rab8 15. Qe2 Kh8 16. Ba3 f5 17. Kh1 b5 18. Bc5 Bf8 19. Bxf8 Rxf8 20. Rfd1 Qe8 21. c4 b4 22. c5 exd4 23. Qb2 Qe6 24. exd4 Qf6 25. d5 Qxb2 26. Rxb2 Ne5 27. Re2 Nd7 28. Re7 Nxc5 29. Rxc7 Na4 30. Rxa7 Nc3 31. Re1 Ra8 32. Rb7 Rab8 33. Ree7 Rxb7 34. Rxb7 Nxa2 35. d6 Rd8 36. d7 Kg7 37. Bd5 Nc3 38. Bc6 Ne4 39. Kg2 Kf7 40. Rxb4 Nc5 41. Kf3 Nd3 42. Rb5 Ke6 43. Bd5+ Kd6 44. Ba2 Rxd7 45. Rd5+ Ke7 46. Rxd7+ Kxd7 47. Ke3 Ne5 48. Kf4 Nd3+ 49. Kg5 Nxf2 50. h4 Ne4+ 51. Kf4 Ke7 52. g4 Kf6 53. g5+ Kg7 54. h5 Nxg5 55. Kxg5 gxh5 1/2-1/2

[Event "Ceske Budejovice Open-A 2019"]
[Site "Ceske Budejovice"]
[Date "2019.07.06"]
[Round "8.8"]
[White "Nagy, Ladislav"]
[Black "Muron, Miroslav"]
[Result "1/2-1/2"]
[ECO "C24"]
[WhiteElo "2061"]
[BlackElo "2215"]
[Annotator "NA"]
[PlyCount "69"]
[EventDate "2019.07.02"]
[EventCountry "CZE"]
[SourceTitle "playchess.com"]
[Source "ChessBase"]
[SourceQuality "1"]
[TimeControl "5400+30"]

1. e4 e5 2. Bc4 Nf6 3. d3 Nc6 4. Nc3 Na5 5. Nge2 Nxc4 6. dxc4 Bc5 7. O-O h6 8. Qd3 d6 9. a3 a5 10. b3 O-O 11. Bb2 Nh5 12. Na4 Ba7 13. c5 Qe7 14. cxd6 cxd6 15. Nac3 Rd8 16. Nd5 Qg5 17. Bc1 Qh4 18. Be3 Bxe3 19. Qxe3 Be6 20. c4 Bxd5 21. cxd5 Rac8 22. Rac1 f5 23. f3 fxe4 24. fxe4 Nf6 25. Nc3 a4 26. Nxa4 Nxe4 27. Nb6 Rxc1 28. Rxc1 Nf6 29. h3 Qh5 30. a4 e4 31. Re1 Nxd5 32. Nxd5 Qxd5 33. Qxe4 Qxb3 34. Rb1 Qa2 35. Rxb7 1/2-1/2

[Event "Ceske Budejovice Open-A 2019"]
[Site "Ceske Budejovice"]
[Date "2019.07.06"]
[Round "8.9"]
[White "Rolinek, Dominik"]
[Black "Mulenko, Alexander"]
[Result "1/2-1/2"]
[ECO "A45"]
[WhiteElo "2004"]
[BlackElo "2055"]
[Annotator "NA"]
[PlyCount "95"]
[EventDate "2019.07.02"]
[EventCountry "CZE"]
[SourceTitle "playchess.com"]
[Source "ChessBase"]
[SourceQuality "1"]
[TimeControl "5400+30"]

1. d4 Nf6 2. Bf4 e6 3. Nf3 b6 4. e3 Bb7 5. Bd3 Bd6 6. Bg3 Bxg3 7. hxg3 d6 8. Nbd2 Nbd7 9. c3 Qe7 10. Qc2 O-O-O 11. Qa4 Kb8 12. Ba6 Ba8 13. O-O-O e5 14. Nb3 e4 15. Ne1 c6 16. Nc2 Nd5 17. Nb4 Nxb4 18. Qxb4 Kc7 19. Kb1 c5 20. Qa3 Bb7 21. Nd2 Bxa6 22. Qxa6 Kb8 23. Nc4 d5 24. Na3 cxd4 25. cxd4 Nf6 26. Rc1 Qb7 27. Qe2 Rc8 28. Nb5 Qa6 29. Rhe1 Rhd8 30. f3 Rxc1+ 31. Rxc1 Rc8 32. Rxc8+ Qxc8 33. Qc2 Qd7 34. Nc3 exf3 35. gxf3 Qh3 36. Qf2 h5 37. Kc2 Qf5+ 38. Kd2 g5 39. Qg2 g4 40. fxg4 hxg4 41. Ke1 Kc7 42. Qf2 Qxf2+ 43. Kxf2 Kc6 44. Ke1 Nh5 45. Ne2 f5 46. Kd2 Nf6 47. Nc3 a5 48. a4 1/2-1/2

[Event "Ceske Budejovice Open-A 2019"]
[Site "Ceske Budejovice"]
[Date "2019.07.06"]
[Round "8.10"]
[White "Steiner, Bruno"]
[Black "Nejdl, Eduard"]
[Result "1-0"]
[ECO "A04"]
[WhiteElo "2179"]
[BlackElo "1995"]
[Annotator "NA"]
[PlyCount "77"]
[EventDate "2019.07.02"]
[EventCountry "CZE"]
[SourceTitle "playchess.com"]
[Source "ChessBase"]
[SourceQuality "1"]
[TimeControl "5400+30"]

1. Nf3 f5 2. d3 d5 3. c4 e6 4. Bg5 Nf6 5. cxd5 exd5 6. Nc3 c6 7. d4 Be7 8. e3 O-O 9. Bd3 Ne4 10. Bxe7 Qxe7 11. O-O Be6 12. Ne5 Nd7 13. f4 Rf6 14. Qe2 Rh6 15. Bxe4 fxe4 16. f5 Bf7 17. Nxd7 Qxd7 18. Rf4 Qe7 19. Raf1 Rf8 20. g3 Qg5 21. Qg2 Rd6 22. Nd1 Bh5 23. h4 Qd8 24. g4 Be8 25. Qg3 Rd7 26. Nf2 Qb6 27. Nh3 Qxb2 28. Ng5 Bf7 29. Ne6 Re8 30. R4f2 Qa3 31. Qe5 Bxe6 32. fxe6 Rde7 33. Rf8+ Rxf8 34. Rxf8+ Kxf8 35. Qf4+ Kg8 36. Qb8+ Re8 37. Qxe8+ Qf8 38. Qd7 Qf3 39. Qd8+ 1-0

[Event "Ceske Budejovice Open-A 2019"]
[Site "Ceske Budejovice"]
[Date "2019.07.06"]
[Round "8.11"]
[White "Schmid, Thomas"]
[Black "Brom, Jiri"]
[Result "1/2-1/2"]
[ECO "B31"]
[WhiteElo "2201"]
[BlackElo "2018"]
[Annotator "NA"]
[PlyCount "38"]
[EventDate "2019.07.02"]
[EventCountry "CZE"]
[SourceTitle "playchess.com"]
[Source "ChessBase"]
[SourceQuality "1"]
[TimeControl "5400+30"]

1. e4 c5 2. Nf3 Nc6 3. Bb5 g6 4. Bxc6 bxc6 5. O-O Bg7 6. Re1 Nf6 7. c3 O-O 8. d4 cxd4 9. cxd4 d6 10. Nc3 Rb8 11. Rb1 a5 12. Bg5 h6 13. Bf4 Nh5 14. Bd2 Nf6 15. h3 Nd7 16. Na4 Ba6 17. b3 Bb5 18. Nb2 c5 19. d5 Qc7 1/2-1/2

[Event "Ceske Budejovice Open-A 2019"]
[Site "Ceske Budejovice"]
[Date "2019.07.06"]
[Round "8.12"]
[White "Lys, Josef"]
[Black "Barak, David"]
[Result "0-1"]
[ECO "A45"]
[WhiteElo "2149"]
[BlackElo "2015"]
[Annotator "NA"]
[PlyCount "50"]
[EventDate "2019.07.02"]
[EventCountry "CZE"]
[SourceTitle "playchess.com"]
[Source "ChessBase"]
[SourceQuality "1"]
[TimeControl "5400+30"]

1. d4 Nf6 2. Bg5 Ne4 3. Bf4 d5 4. f3 Nf6 5. c3 e6 6. Nd2 c5 7. e3 Nc6 8. g4 Bd6 9. Bxd6 Qxd6 10. Bb5 Bd7 11. g5 Ng8 12. Ne2 h6 13. g6 fxg6 14. Qc2 Nge7 15. Nf4 cxd4 16. Nxg6 dxe3 17. Nxh8 exd2+ 18. Kd1 Ne5 19. Be2 d4 20. cxd4 Qxd4 21. a4 Nf5 22. Ra3 Ne3+ 23. Rxe3 Qxe3 24. Qxd2 Bxa4+ 25. Ke1 Nxf3+ 0-1

[Event "Ceske Budejovice Open-A 2019"]
[Site "Ceske Budejovice"]
[Date "2019.07.06"]
[Round "8.13"]
[White "Sykora, Ondrej"]
[Black "Vahala, Tomas"]
[Result "1-0"]
[ECO "B06"]
[WhiteElo "2065"]
[BlackElo "1774"]
[Annotator "NA"]
[PlyCount "105"]
[EventDate "2019.07.02"]
[EventCountry "CZE"]
[SourceTitle "playchess.com"]
[Source "ChessBase"]
[SourceQuality "1"]
[TimeControl "5400+30"]

1. e4 g6 2. d4 Bg7 3. Nc3 c6 4. Be3 d6 5. Nf3 Nf6 6. h3 O-O 7. Bd3 Nbd7 8. O-O e5 9. Qd2 Qc7 10. Bh6 Re8 11. Bxg7 Kxg7 12. Rfe1 Nf8 13. Bf1 b6 14. Rad1 Bb7 15. dxe5 dxe5 16. Nh4 Kh8 17. Qe3 Ne6 18. Nf3 Rad8 19. Rxd8 Rxd8 20. Rd1 Rxd1 21. Nxd1 Kg7 22. Nd2 Nd7 23. f3 a6 24. Nf2 b5 25. Ng4 c5 26. c4 Bc6 27. Qh6+ Kg8 28. Ne3 Nd4 29. Ng4 Ne6 30. Qe3 b4 31. Bd3 a5 32. Bb1 a4 33. Qd3 Nd4 34. Ne3 Qd6 35. Nd5 Kg7 36. Nf1 Kg8 37. Nfe3 Kf8 38. Bc2 Kg8 39. Bd1 Kg7 40. Kh2 Kg8 41. g3 Kg7 42. Kg2 f6 43. Qd2 h6 44. Ng4 g5 45. Nge3 Kg6 46. Qd3 Kg7 47. Qxd4 exd4 48. Nf5+ Kf8 49. Nxd6 Ne5 50. Nb6 Nd3 51. Bxa4 Nxb2 52. Bb3 d3 53. Kf2 1-0

[Event "Ceske Budejovice Open-A 2019"]
[Site "Ceske Budejovice"]
[Date "2019.07.06"]
[Round "8.14"]
[White "Steiner, Juraj"]
[Black "Stehlik, Jiri"]
[Result "1-0"]
[ECO "A11"]
[WhiteElo "1896"]
[BlackElo "1930"]
[Annotator "NA RC"]
[PlyCount "131"]
[EventDate "2019.07.02"]
[EventCountry "CZE"]
[SourceTitle "playchess.com"]
[Source "ChessBase"]
[SourceQuality "1"]
[TimeControl "5400+30"]

1. c4 c6 2. Nf3 Nf6 3. b3 g6 4. Bb2 Bg7 5. d3 d5 6. Nbd2 O-O 7. e3 Nbd7 8. Be2 Qc7 9. Rc1 Qd8 10. O-O Re8 11. Ne5 Nxe5 12. Bxe5 Be6 13. Qc2 Nd7 14. Bxg7 Kxg7 15. cxd5 Bxd5 16. f4 Qb6 17. d4 f5 18. Nc4 Qc7 19. Bf3 Bxf3 20. Rxf3 Nf6 21. b4 Rac8 22. Qf2 e6 23. Qh4 Qe7 24. Rh3 Nh5 25. Qe1 Nf6 26. Ne5 Nd5 27. Rb1 Rc7 28. Rg3 Nf6 29. Rb2 Rg8 30. Rc2 Nd7 31. Nd3 Nf6 32. Qc1 Rgc8 33. Rf3 Nd5 34. Qd2 Nf6 35. Rf1 Ne4 36. Qe2 Nf6 37. Rfc1 Kg8 38. Nc5 Nd5 39. a3 Nf6 40. Qc4 Kf7 41. Qb3 Nd7 42. Nxd7 Qxd7 43. Rc5 a6 44. a4 Ke7 45. Qc2 b6 46. Rc3 b5 47. axb5 axb5 48. Qf2 Kf7 49. Rc5 Qe7 50. Qf3 Qd6 51. h3 Kg7 52. g4 Kf7 53. Kh2 Kf8 54. Kg3 Kg8 55. g5 Kg7 56. h4 Kg8 57. R1c2 Kg7 58. Qh1 Kg8 59. h5 Qd7 60. hxg6 hxg6 61. Rh2 Qg7 62. Rh6 Ra7 63. Rxc6 Re8 64. Qc1 Rd7 65. Qc5 Rb7 66. Rc8 1-0

[Event "Ceske Budejovice Open-A 2019"]
[Site "Ceske Budejovice"]
[Date "2019.07.06"]
[Round "8.15"]
[White "Glimbrant, Torbjorn"]
[Black "Asatryan, Manvel"]
[Result "1-0"]
[ECO "A15"]
[WhiteElo "2195"]
[BlackElo "1799"]
[Annotator "NA"]
[PlyCount "65"]
[EventDate "2019.07.02"]
[EventCountry "CZE"]
[SourceTitle "playchess.com"]
[Source "ChessBase"]
[SourceQuality "1"]
[TimeControl "5400+30"]

1. c4 Nf6 2. Nf3 g6 3. b3 c5 4. Bb2 Bg7 5. g3 O-O 6. Bg2 Nc6 7. O-O e6 8. d4 cxd4 9. Nxd4 d5 10. Nxc6 bxc6 11. Nd2 Bb7 12. Qc2 Rc8 13. e4 Qb6 14. Rac1 Rfd8 15. Qb1 c5 16. cxd5 exd5 17. exd5 Bxd5 18. Nc4 Qb7 19. Bxd5 Rxd5 20. Qa1 Ne8 21. Rfe1 Bd4 22. Re2 Qd7 23. Rce1 Nf6 24. Ne3 Rh5 25. Nf1 Ng4 26. Bxd4 cxd4 27. Re4 d3 28. Re7 Qc6 29. Qd4 d2 30. Qxd2 Qf3 31. Qd4 Rf8 32. Re8 Qf5 33. Rxf8+ 1-0

[Event "Ceske Budejovice Open-A 2019"]
[Site "Ceske Budejovice"]
[Date "2019.07.06"]
[Round "8.16"]
[White "Malinovsky, Petr"]
[Black "Pavlicek, Adam"]
[Result "1-0"]
[ECO "D35"]
[WhiteElo "2058"]
[BlackElo "1651"]
[Annotator "NA"]
[PlyCount "49"]
[EventDate "2019.07.02"]
[EventCountry "CZE"]
[SourceTitle "playchess.com"]
[Source "ChessBase"]
[SourceQuality "1"]
[TimeControl "5400+30"]

1. d4 d5 2. c4 e6 3. Nc3 Nf6 4. cxd5 exd5 5. Bg5 Be7 6. e3 Bf5 7. Bxf6 Bxf6 8. Qb3 Bc8 9. Qxd5 Qxd5 10. Nxd5 Bd8 11. Nf3 O-O 12. Bd3 c6 13. Nc3 Nd7 14. O-O Nb6 15. a3 Be7 16. b4 Rd8 17. Rfc1 Be6 18. b5 c5 19. Be4 Rab8 20. a4 f5 21. Bb1 cxd4 22. Nxd4 Bf6 23. Nxe6 Bxc3 24. Nxd8 Bxa1 25. Ba2+ 1-0

[Event "Ceske Budejovice Open-A 2019"]
[Site "Ceske Budejovice"]
[Date "2019.07.06"]
[Round "8.17"]
[White "Nezval, Filip"]
[Black "Kaspar, Jonas"]
[Result "1/2-1/2"]
[ECO "E98"]
[WhiteElo "1860"]
[BlackElo "1890"]
[Annotator "NA"]
[PlyCount "81"]
[EventDate "2019.07.02"]
[EventCountry "CZE"]
[SourceTitle "playchess.com"]
[Source "ChessBase"]
[SourceQuality "1"]
[TimeControl "5400+30"]

1. d4 Nf6 2. c4 g6 3. Nc3 Bg7 4. e4 d6 5. Nf3 O-O 6. Be2 e5 7. O-O Nc6 8. d5 Ne7 9. Ne1 Nd7 10. Be3 f5 11. f3 f4 12. Bf2 g5 13. Nd3 Ng6 14. c5 Nf6 15. Rc1 Rf7 16. b4 h5 17. h3 Bf8 18. b5 Rg7 19. b6 axb6 20. cxb6 cxb6 21. Na4 Ra6 22. Nb4 Bxh3 23. Nxa6 Bxg2 24. Kxg2 Nh4+ 25. Bxh4 gxh4+ 26. Kf2 bxa6 27. Bxa6 Qd7 28. Bc8 Qa7 29. Be6+ Kh7 30. Bf5+ Kg8 31. Rc6 b5+ 32. Nb6 Qxa2+ 33. Qc2 Qa3 34. Qc3 Qa2+ 35. Qc2 Qa3 36. Rc3 Qa7 37. Rc6 Qa3 38. Be6+ Kh7 39. Bf5+ Kg8 40. Be6+ Kh7 41. Bf5+ 1/2-1/2

[Event "Ceske Budejovice Open-A 2019"]
[Site "Ceske Budejovice"]
[Date "2019.07.06"]
[Round "8.18"]
[White "Tajovsky, Matej"]
[Black "Kanka, Matej"]
[Result "0-1"]
[ECO "B68"]
[WhiteElo "1779"]
[BlackElo "1858"]
[Annotator "NA RC"]
[PlyCount "108"]
[EventDate "2019.07.02"]
[EventCountry "CZE"]
[SourceTitle "playchess.com"]
[Source "ChessBase"]
[SourceQuality "1"]
[TimeControl "5400+30"]

1. e4 c5 2. Nf3 Nc6 3. d4 cxd4 4. Nxd4 Nf6 5. Nc3 d6 6. Bg5 e6 7. Qd2 Be7 8. O-O-O a6 9. f4 Bd7 10. Be2 b5 11. Bf3 Rc8 12. Nxc6 Bxc6 13. e5 Bxf3 14. exf6 gxf6 15. gxf3 fxg5 16. Ne4 d5 17. Nxg5 Bf6 18. Rhg1 Qc7 19. Rg2 h6 20. Nh3 a5 21. Re1 Qc4 22. Qxa5 Kd7 23. Qa7+ Rc7 24. Qa3 Rg8 25. Rge2 Bh4 26. Nf2 Rg1 27. Kd1 Rxe1+ 28. Kxe1 Qxf4 29. Kf1 Qxh2 30. Qd3 Ke7 31. c3 b4 32. Qb5 bxc3 33. bxc3 Rc4 34. a4 Kf8 35. a5 Kg8 36. Qb3 Bf6 37. a6 Qc7 38. Ng4 Bg5 39. Rb2 Rxc3 40. Qb8+ Kg7 41. a7 Qc4+ 42. Kg2 Bf4 43. Qd8 Bg5 44. Qd6 Bf4 45. Qb4 Qxb4 46. Rxb4 Ra3 47. Rb7 Bd6 48. Rd7 Bc5 49. Rb7 Rxa7 50. Rb1 Ra2+ 51. Kg3 h5 52. Ne5 Bd6 53. f4 Bxe5 54. fxe5 Re2 0-1

[Event "Ceske Budejovice Open-A 2019"]
[Site "Ceske Budejovice"]
[Date "2019.07.06"]
[Round "8.19"]
[White "Puncochar, Jiri"]
[Black "Rolinkova, Lucie"]
[Result "1-0"]
[ECO "B01"]
[WhiteElo "2014"]
[BlackElo "1703"]
[Annotator "NA"]
[PlyCount "75"]
[EventDate "2019.07.02"]
[EventCountry "CZE"]
[SourceTitle "playchess.com"]
[Source "ChessBase"]
[SourceQuality "1"]
[TimeControl "5400+30"]

1. e4 d5 2. exd5 Qxd5 3. Nc3 Qa5 4. Bc4 Nf6 5. d3 Bg4 6. f3 Bf5 7. Bd2 c6 8. Qe2 Nbd7 9. Nb5 Qb6 10. Nd6+ Kd8 11. Nxf5 Qxb2 12. Rd1 e6 13. Ng3 a5 14. d4 b5 15. Bd3 Qxa2 16. Ne4 Qa3 17. Nh3 h6 18. O-O Qe7 19. Nhf2 b4 20. Nxf6 Nxf6 21. Ne4 Nd5 22. Ra1 Qa7 23. Be3 e5 24. Bf2 exd4 25. Bc4 Ne3 26. Bxe3 dxe3 27. Kh1 Ke8 28. Rfd1 Rd8 29. Rxd8+ Kxd8 30. Rd1+ Ke8 31. f4 a4 32. Rd3 a3 33. Qxe3 Qxe3 34. Rxe3 f5 35. Nd6+ Kd7 36. Nxf5 Bd6 37. Rd3 g6 38. Nxd6 1-0

[Event "Ceske Budejovice Open-A 2019"]
[Site "Ceske Budejovice"]
[Date "2019.07.06"]
[Round "8.20"]
[White "Zacek, Petr"]
[Black "Chval, Zdenek"]
[Result "0-1"]
[ECO "A49"]
[WhiteElo "1883"]
[BlackElo "2145"]
[Annotator "NA"]
[PlyCount "42"]
[EventDate "2019.07.02"]
[EventCountry "CZE"]
[SourceTitle "playchess.com"]
[Source "ChessBase"]
[SourceQuality "1"]
[TimeControl "5400+30"]

1. d4 Nf6 2. Nf3 g6 3. g3 Bg7 4. Bg2 O-O 5. O-O d6 6. c4 c5 7. d5 Nbd7 8. Nc3 a6 9. e4 Rb8 10. Qe2 b5 11. Rb1 Qa5 12. Nd2 Ne5 13. h3 e6 14. a3 Nxc4 15. Nxc4 bxc4 16. Qxc4 exd5 17. Nxd5 Nxd5 18. Qxd5 Be6 19. Qd3 Rfd8 20. b4 cxb4 21. axb4 Qa2 0-1

[Event "Ceske Budejovice Open-A 2019"]
[Site "Ceske Budejovice"]
[Date "2019.07.06"]
[Round "8.21"]
[White "Baloun, Tomas"]
[Black "Stodola, Zdenek"]
[Result "0-1"]
[ECO "B03"]
[WhiteElo "1887"]
[BlackElo "1551"]
[Annotator "NA"]
[PlyCount "66"]
[EventDate "2019.07.02"]
[EventCountry "CZE"]
[SourceTitle "playchess.com"]
[Source "ChessBase"]
[SourceQuality "1"]
[TimeControl "5400+30"]

1. e4 Nf6 2. e5 Nd5 3. d4 d6 4. c4 Nb6 5. f4 dxe5 6. fxe5 Nc6 7. Be3 Bf5 8. Nf3 e6 9. a3 a5 10. Be2 Be7 11. O-O O-O 12. Nc3 f6 13. Qe1 a4 14. Qg3 Na5 15. Nh4 fxe5 16. Nxf5 exf5 17. Bh6 Qxd4+ 18. Kh1 e4 19. Qxc7 Bd6 20. Bxg7 Bxc7 21. Bxd4 Nbxc4 22. Nd5 Be5 23. Ne7+ Kh8 24. Bxe5+ Nxe5 25. Nxf5 Nd3 26. Nd6 Nb3 27. Bxd3 Nxa1 28. Nxe4 Rxf1+ 29. Bxf1 Rd8 30. Kg1 Nb3 31. Kf2 Rf8+ 32. Ke1 Re8 33. Bd3 Nc5 {[%emt 0:00:41] Nf2} 0-1

[Event "Ceske Budejovice Open-A 2019"]
[Site "Ceske Budejovice"]
[Date "2019.07.06"]
[Round "8.22"]
[White "Pavlicek, Petr"]
[Black "Brhlik, Antonin"]
[Result "1-0"]
[ECO "A05"]
[WhiteElo "1828"]
[BlackElo "1639"]
[Annotator "NA"]
[PlyCount "140"]
[EventDate "2019.07.02"]
[EventCountry "CZE"]
[SourceTitle "playchess.com"]
[Source "ChessBase"]
[SourceQuality "1"]
[TimeControl "5400+30"]

1. Nf3 Nf6 2. d4 c5 3. c4 cxd4 4. Nxd4 e5 5. Nb5 d5 6. cxd5 Bc5 7. e3 O-O 8. Bc4 a6 9. N5c3 e4 10. O-O Bd6 11. Be2 Qe7 12. Nd2 b5 13. a3 Bb7 14. Qc2 Re8 15. Rd1 Nbd7 16. Nf1 Rac8 17. Qd2 Nb6 18. Ng3 Bxg3 19. hxg3 Nbxd5 20. Nxd5 Bxd5 21. Qe1 Bb3 22. Rd4 Red8 23. Rxd8+ Qxd8 24. Bd2 Nd5 25. Rc1 Rxc1 26. Qxc1 Qc7 27. Qxc7 Nxc7 28. Ba5 Nd5 29. Bg4 Ne7 30. Bb4 Nc6 31. Bc8 a5 32. Bc5 a4 33. Kf1 Ne5 34. Bd4 Bc4+ 35. Kg1 Nd3 36. Bd7 f6 37. Bc6 f5 38. Bd7 g6 39. g4 fxg4 40. Bxg4 Kf7 41. Bd7 Nc1 42. Kh2 Ke7 43. Bc6 Bd3 44. Bd5 Nb3 45. Be5 Nc5 46. g4 Ne6 47. Kg3 Kd7 48. Bf4 Ke7 49. g5 Kd7 50. Kg4 Ke7 51. Be5 Kd7 52. Kh4 Bc2 53. Kg4 Bd1+ 54. Kh4 Bc2 55. Bf4 Bd3 56. Kg3 Bc2 57. Kg2 Bd3 58. Kg1 Bc2 59. Kf1 Bd3+ 60. Ke1 Bb1 61. Kd2 Bd3 62. Kc3 Bb1 63. Kb4 Bd3 64. Ka5 Bc4 65. Bxe4 Nxf4 66. exf4 Kd6 67. Kb4 Be2 68. Kc3 Kc5 69. f5 gxf5 70. Bxf5 Kd5 1-0

[Event "Ceske Budejovice Open-A 2019"]
[Site "Ceske Budejovice"]
[Date "2019.07.06"]
[Round "8.23"]
[White "Gumerov, Ruslan"]
[Black "Solovyova, Anastasia"]
[Result "1/2-1/2"]
[ECO "C42"]
[WhiteElo "1843"]
[BlackElo "1835"]
[Annotator "NA"]
[PlyCount "26"]
[EventDate "2019.07.02"]
[EventCountry "CZE"]
[SourceTitle "playchess.com"]
[Source "ChessBase"]
[SourceQuality "1"]
[TimeControl "5400+30"]

1. e4 e5 2. Nf3 Nf6 3. Nxe5 d6 4. Nf3 Nxe4 5. d4 d5 6. Bd3 Nf6 7. O-O Be7 8. h3 Nbd7 9. Bf4 Nf8 10. c4 dxc4 11. Bxc4 Be6 12. Bxe6 Nxe6 13. Be5 O-O 1/2-1/2

[Event "Ceske Budejovice Open-A 2019"]
[Site "Ceske Budejovice"]
[Date "2019.07.06"]
[Round "8.24"]
[White "Prazak, Daniel"]
[Black "Chval, Petr"]
[Result "1-0"]
[ECO "B42"]
[WhiteElo "1586"]
[BlackElo "1885"]
[Annotator "NA"]
[PlyCount "55"]
[EventDate "2019.07.02"]
[EventCountry "CZE"]
[SourceTitle "playchess.com"]
[Source "ChessBase"]
[SourceQuality "1"]
[TimeControl "5400+30"]

1. e4 c5 2. Nf3 e6 3. d4 cxd4 4. Nxd4 a6 5. Bd3 Qc7 6. O-O Nf6 7. Qe2 d6 8. Nc3 b5 9. a3 Be7 10. Bd2 O-O 11. Rae1 Nbd7 12. Kh1 Nc5 13. f4 Bb7 14. Rf3 Nfd7 15. Rh3 Nxd3 16. Qxd3 Rfe8 17. Ree3 Qc4 18. Nde2 Qxd3 19. cxd3 Rac8 20. Rhf3 Bd8 21. d4 Bb6 22. Rd3 Nf6 23. Ng3 Rc4 24. d5 exd5 25. Nxd5 Nxd5 26. exd5 g6 27. h3 Bd4 28. b3 1-0

[Event "Ceske Budejovice Open-A 2019"]
[Site "Ceske Budejovice"]
[Date "2019.07.06"]
[Round "8.25"]
[White "Petras, Milan"]
[Black "Schindler, Gerhard"]
[Result "1-0"]
[ECO "B01"]
[WhiteElo "1935"]
[BlackElo "1769"]
[Annotator "NA"]
[PlyCount "33"]
[EventDate "2019.07.02"]
[EventCountry "CZE"]
[SourceTitle "playchess.com"]
[Source "ChessBase"]
[SourceQuality "1"]
[TimeControl "5400+30"]

1. e4 d5 2. Nc3 d4 3. Nce2 c5 4. Ng3 e5 5. Bc4 Nf6 6. d3 g6 7. Nf3 Bg4 8. Bxf7+ Kxf7 9. Nxe5+ Kg7 10. Nxg4 h5 11. Nxf6 Qxf6 12. h4 Nc6 13. Bg5 Qe6 14. f4 Re8 15. O-O Be7 16. f5 Qd6 17. f6+ 1-0